Map: Hard Lead LE

Players

SubN

  • Race: Zerg Zerg
  • League: Diamond
  • Spawn Location: 5:00

mylucyr - Winner!

  • Race: Zerg Zerg
  • League: Diamond
  • Spawn Location: 11:00

VOD

Have the link to the VOD?

Description

Time

  • Played on: Nov. 18, 2023, 3:08 p.m.
  • Length: 2:36
Show
View Real Time Build Order
Export as new Build Order

SubN Zerg 

Build Orders: Pool First 

Get SALT Encoding   

  12  0:00  Drone  
  13  0:08  Drone  
  13  0:11  Extractor  
  13  0:29  Spawning Pool  
  12  0:59  Hatchery  
  11  1:15  Queen  
  13  1:32  Zergling x2  
  14  1:41  Overlord  
  13  2:01  Zergling x6  
Show
View Real Time Build Order
Export as new Build Order

mylucyr Zerg - Winner!

Build Orders: Pool Only 

Get SALT Encoding   

  12  0:18  Spawning Pool  
  11  0:21  Drone  
  11  0:25  Drone  
  13  0:35  Overlord  
  13  1:05  Zergling x4  
  13  1:06  Zergling x2  
  16  1:24  Spine Crawler x2  
  14  1:26  Spine Crawler  
  14  1:29  Zergling x2  
  14  1:31  Zergling x2  
  15  1:47  Zergling x2  
  16  2:08  Zergling x2  
Tags
 
Add a new tag
Caveats
  • Supply blocks, unpowered buildings, or Contaminate may cause inaccurate times.
  • Supply counts are checked every 10 seconds.